 Dungeon Crawl Stone Soup version 0.17-a0-1446-gc28613e (console) character file.

717 Monkaria the Cleaver (level 7, -3/61 HPs)
             Began as a Hill Orc Chaos Knight on June 28, 2015.
             Slain by an ice beast (10 damage)
             ... on level 6 of the Dungeon.
             The game lasted 00:07:44 (4075 turns).

Monkaria the Cleaver (Hill Orc Chaos Knight)        Turns: 4075, Time: 00:07:44

Health: -3/61      AC:  6    Str: 17      XL:     7   Next: 70%
Magic:  7/7        EV: 11    Int: 11 (12) God:    Xom [......]
Gold:   260        SH:  0    Dex: 10      Spells: 0 memorised, 6 levels left

rFire  . . .     SeeInvis .     a - +0 hand axe (chaos)
rCold  . . .     Clarity  .     b - +2 leather armour
rNeg   . . .     SustAt   .     (no shield)
rPois  .         Gourm    +     (no helmet)
rElec  .         Spirit   .     (no cloak)
rCorr  .         Warding  .     u - +0 pair of gloves
rMut   .         Stasis   .     (no boots)
MR     .....                    H - amulet of the gourmand
Stlth  +.........               (no ring)
                                (no ring)

@: drained, not resistant to hostile enchantments, very unstealthy
A: no striking features
a: Renounce Religion


You were on level 6 of the Dungeon.
You worshipped Xom.
You were a very special plaything of Xom.
You were hungry.

You visited 1 branch of the dungeon, and saw 6 of its levels.

You collected 260 gold pieces.

Inventory:

Hand weapons
 a - a +0 hand axe of chaos (weapon)
 G - a +0 blowgun
Missiles
 w - 30 poisoned needles
Armour
 b - a +2 leather armour (worn)
 u - a +0 pair of gloves (worn)
 v - a +0 leather armour of fire resistance
Magical staves
 A - an uncursed staff of wizardry {unknown}
 C - an uncursed staff of wizardry {unknown}
Jewellery
 d - an uncursed amulet of rage
 y - an uncursed amulet of resist mutation
 E - an uncursed ring of fire
 H - an amulet of the gourmand (around neck)
Magical devices
 q - a wand of polymorph (7)
Scrolls
 e - a scroll of remove curse {unknown}
 f - a scroll of enchant armour {unknown}
 g - a scroll of enchant weapon {unknown}
 j - 2 scrolls of fear {unknown}
 o - a scroll of noise {unknown}
 r - a scroll of identify {unknown}
 z - a scroll of recharging {unknown}
 B - a scroll of blinking {unknown}
 D - a scroll of silence {unknown}
 F - a scroll of immolation {unknown}
 I - a scroll of torment {unknown}
Potions
 h - a potion of cancellation
 k - a potion of brilliance {unknown}
 l - 3 potions of curing
 m - a potion of agility {unknown}
 n - a potion of mutation {unknown}
 p - 2 potions of resistance {unknown}
 s - a potion of heal wounds {unknown}
 t - a potion of ambrosia {unknown}
 x - a potion of poison {unknown}
 J - a potion of magic {unknown}
Comestibles
 c - 2 bread rations
 i - 2 meat rations


   Skills:
 - Level 5.1(4.1) Fighting
 * Level 10.6(9.4) Axes
 - Level 2.1(1.2) Armour
 - Level 0.7(0.0) Dodging


You had 6 spell levels left.
You didn't know any spells.

Dungeon Overview and Level Annotations

Branches:
Dungeon (6/15)
 Temple: D:4-7

Altars:
Gozag
Okawaru

Annotations:
D:4 Grinder


Message History

The ice beast closely misses you.
You hit the ice beast but do no damage. The ice beast barely misses you.
You hit the ice beast but do no damage.
The ice beast hits you but does no damage.
You closely miss the ice beast. You hit the ice beast but do no damage.
Nothing appears to happen.
The ice beast hits you but does no damage.
You hit the ice beast.
The ice beast is lightly wounded.
The ice beast closely misses you.
You hit the ice beast.
The ice beast looks slightly unstable.
The ice beast is lightly wounded.
The ice beast hits you. The ice beast freezes you!
* * * LOW HITPOINT WARNING * * *
You hit the ice beast.
The ice beast appears confused.
The ice beast is moderately wounded.
The ice beast hits you.
* * * LOW HITPOINT WARNING * * *
The ice beast freezes you!
You die...

#.# #.# #.# #.# ####.#
#.# ####....# #Y#
#.......# #.#
#.......# #.#
####.......#####.#
..........@Y.....#
#..)....#####.#######.
#....†..# #.(......?
...........#
#.#####.##
############ #.#
########.# .........#
########.# #######.#


You could see an ice beast (confused).

Vanquished Creatures
  An ogre (D:5)
  A phantom (D:4)
  A scorpion (D:3)
  A killer bee (D:6)
  2 crimson imps (D:5)
  4 orc priests (D:5)
  Ijyb (D:2)
  A centaur skeleton (D:5)
  A worker ant (D:5)
  A hound skeleton (D:5)
  6 adders
  A white imp (D:5)
  An ooze (D:2)
  An adder zombie (D:5)
  2 worms (D:2)
  2 giant geckos
  7 orcs (D:5)
  A ball python (D:1)
  4 giant cockroaches
  11 goblins
  9 hobgoblins
  4 jackals (D:5)
  2 quokkas (D:3)
  10 bats
  A giant gecko zombie (D:5)
  5 giant newts
  A jackal zombie (D:5)
  11 kobolds
  A quokka skeleton (D:5)
  8 rats
102 creatures vanquished.

Vanquished Creatures (others)
  A porcupine (D:5)
1 creature vanquished.

Grand Total: 103 creatures vanquished

Notes
Turn   | Place    | Note
--------------------------------------------------------------
     0 | D:1      | Monkaria the Hill Orc Chaos Knight began the quest for the Orb.
     0 | D:1      | Reached XP level 1. HP: 19/19 MP: 1/1
   117 | D:1      | Reached XP level 2. HP: 18/27 MP: 2/2
   341 | D:1      | XOM: divination: detect creatures
   480 | D:2      | Reached skill level 5 in Fighting
   480 | D:2      | Reached XP level 3. HP: 19/36 MP: 3/3
   788 | D:2      | Noticed Ijyb
   809 | D:2      | Killed Ijyb
   809 | D:2      | Reached skill level 5 in Axes
   809 | D:2      | Reached XP level 4. HP: 31/42 MP: 4/4
   953 | D:2      | XOM: divination: magic mapping
   956 | D:2      | Found an opulent altar of Gozag.
  1011 | D:2      | XOM: divination: magic mapping
  1124 | D:2      | Reached skill level 6 in Axes
  1124 | D:2      | Reached XP level 5. HP: 18/48 MP: 5/5
  1492 | D:3      | XOM: harmless Necr miscast
  2074 | D:3      | XOM: harmless Divn miscast
  2077 | D:3      | Reached skill level 7 in Axes
  2101 | D:3      | XOM: cast spell 'Spider Form'
  2327 | D:4      | Found an iron altar of Okawaru.
  2328 | D:4      | Noticed a phantom
  2339 | D:4      | XOM: cast spell 'Metabolic Englaciation'
  2344 | D:4      | XOM: cast spell 'Stoneskin'
  2346 | D:4      | XOM: fog
  2453 | D:4      | Killed a phantom
  2453 | D:4      | Reached skill level 8 in Axes
  2453 | D:4      | Reached XP level 6. HP: 16/56 MP: 6/6
  2546 | D:4      | Noticed Grinder
  2549 | D:4      | Paralysed by Grinder for 4 turns
  2557 | D:4      | Noticed Grinder
  2557 | D:4      | Grinder changed into Grinder the hell hound
  2557 | D:4      | XOM: polymorph Grinder -> Grinder the hell hound
  2564 | D:4      | You fall through a shaft!
  2564 | D:5      | Entered Level 5 of the Dungeon
  2821 | D:5      | XOM: summons 3 hostile demons
  3051 | D:5      | Reached skill level 9 in Axes
  3057 | D:5      | Reached XP level 7. HP: 57/61 MP: 7/7
  3179 | D:5      | XOM: divine lightning (protected)
  3393 | D:5      | XOM: noise
  3395 | D:5      | Reached skill level 10 in Axes
  3401 | D:5      | XOM: polymorph crimson imp -> white imp
  3471 | D:5      | XOM: medium Divn miscast
  3829 | D:5      | XOM: draining
  4022 | D:6      | XOM: mild Tloc miscast
  4031 | D:6      | XOM: smoke on damage
  4075 | D:6      | Slain by an ice beast

Vault maps used:
D:1:      dpeg_arrival_sounds_slurp, st_stairs_1
D:2:      minmay_door_path, grunt_gozag_statues, uniq_iyjb
D:4:      nicolae_overflow_crystal_walls, overflow_temple_1_default,
          first_bread, uniq_crazy_yiuf_cottage, uniq_edmund, uniq_grinder,
          uniq_eustachio
D:6:      ashenzari_altar_1, minmay_temple_entry_poolview, serial_glass,
          glass_columns_c, glass_columns_a, serial_shops,
          nicolae_shop_behind_doors, shop, uniq_prince_ribbit1, uniq_duvessa

Action                   |  1- 3 |  4- 6 |  7- 9 || total
-------------------------+-------+-------+-------++-------
Melee: Hand axe          |   107 |   222 |   109 ||   438
 Abil: Evoke Berserk Rag |       |       |     1 ||     1
  Use: Potion            |       |       |     4 ||     4
 Stab: Paralysed         |       |     1 |       ||     1
       Petrifying        |       |       |     3 ||     3
  Eat: Chunk             |       |     6 |     3 ||     9
       Beef jerky        |       |     1 |       ||     1
